 Dungeon Crawl Stone Soup version 0.29-a0-23-ga79f92ac9c (webtiles) character file.

Game seed: 7454391548639171550

457 Gildeon the Insei (level 7, -5/45 HPs)
             Began as an Octopode Transmuter on Jan 29, 2022.
             Slain by a gnoll sergeant (15 damage)
             ... on level 5 of the Dungeon on Jan 30, 2022.
             The game lasted 00:11:23 (5456 turns).

Gildeon the Insei (Octopode Transmuter)             Turns: 5456, Time: 00:11:23

Health: -5/45      AC:  1    Str: 11    XL:     7   Next: 6%
Magic:  11/11      EV: 13    Int: 16    God:
Gold:   123        SH:  0    Dex: 12    Spells: 0/12 levels left

rFire   . . .      SeeInvis .     - Unarmed
rCold   . . .      Faith    .   (no shield)
rNeg    . . .      Spirit   .   (helmet currently unavailable)
rPois   .          Reflect  .   (no amulet)
rElec   .          Harm     .   (no ring)
rCorr   .          Rampage  .   (no ring)
Will    .....                   (no ring)
Stlth   +++.......              (no ring)
HPRegen 0.15/turn               (no ring)
MPRegen 0.12/turn               (no ring)
                                (no ring)
                                (no ring)

@: appendages (expiring)
A: tentacle spike 3, almost no armour, amphibious, 8 rings, camouflage 1,
gelatinous body 1, (nimble swimmer 1), tentacles
a: End Transformation


You were on level 5 of the Dungeon.
One of your tentacles had grown a beastly spike.
You visited 1 branch of the dungeon, and saw 5 of its levels.

You collected 123 gold pieces.

Inventory:

Missiles
 a - 108 stones
Scrolls
 f - a scroll of amnesia {unknown}
 g - a scroll of enchant armour {unknown}
 i - a scroll of teleportation {unknown}
 k - a scroll of magic mapping {unknown}
 l - 2 scrolls of identify
 m - a scroll of silence
 p - a scroll of blinking {unknown}
Potions
 b - a potion of resistance {unknown}
 c - 2 potions of might
 d - a potion of ambrosia {unknown}
 e - a potion of lignification {unknown}
 h - 4 potions of curing
 j - 2 potions of haste {unknown}
 o - a potion of flight {unknown}


   Skills:
 + Level 2.5 Fighting
 + Level 3.1 Dodging
 + Level 3.3 Stealth
 + Level 3.9 Unarmed Combat
 + Level 3.1 Spellcasting
 + Level 3.3 Transmutations
 + Level 1.1 Ice Magic
 + Level 0.0 Air Magic
 + Level 2.7 Poison Magic


You couldn't memorise any spells.
You knew the following spells:

 Your Spells              Type           Power      Damage    Failure   Level
a - Beastly Appendage     Tmut           26%        N/A       4%          1
b - Wereblood             Tmut           13%        N/A       7%          2
c - Spider Form           Tmut/Pois      12%        N/A       16%         3
d - Ice Form              Ice/Tmut       9%         N/A       58%         4
e - Poisonous Vapours     Pois/Air       12%        N/A       16%         2

Your spell library contained the following spells:

 Spells                   Type           Power      Damage    Failure   Level
 Corpse Rot               Necr/Air       4%         N/A       28%         2


Dungeon Overview and Level Annotations

Branches:
Dungeon (5/15)
 Temple: D:4-7

Altars:
Beogh

Shops:
D:1 [

Annotations:
D:4 exclusions: 2 orcs, orc warrior and orc wizard


Innate Abilities, Weirdness & Mutations

One of your tentacles has grown a beastly spike.
You cannot wear most types of armour.
You are amphibious.
You can wear up to eight rings at the same time.
Your skin changes colour to match your surroundings (Stealth+).
Your rubbery body absorbs attacks. (AC +1, EV +1)
((You are camouflaged when in or above water. (Stealth+)))
You have tentacles for arms and can constrict up to eight enemies at once.


Message History

One of your tentacles grows a vicious spike.
The gnoll sergeant shouts!
The gnoll shouts!
Things that are here:
a +0 shortbow; 31 arrows; a centaur corpse The gnoll completely misses you.
Your transformation is almost over.
The gnoll sergeant barely misses you. The gnoll closely misses you.
Things that are here:
a +0 shortbow; 31 arrows; a centaur corpse You tentacle-slap the gnoll.
You grab the gnoll.
You pierce the gnoll, but do no damage.
The gnoll is moderately wounded.
You constrict the gnoll. The gnoll sergeant barely misses you.
The gnoll hits you with a +1 spear of flaming!
The gnoll burns you.
You tentacle-slap the gnoll.
You pierce the gnoll.
The gnoll is severely wounded.
You constrict the gnoll.
The gnoll sergeant hits you from afar with a +1 vorpal spear!
You tentacle-slap the gnoll.
Your tentacle spike misses the gnoll.
You squeeze the gnoll, but do no damage.
The gnoll is almost dead.
You constrict the gnoll.
You kill the gnoll!
The gnoll sergeant hits you from afar with a +1 vorpal spear.
The gnoll sergeant closely misses you.
Things that are here:
a +1 spear of flaming; a gnoll corpse You tentacle-slap the gnoll sergeant but do no damage.
You grab the gnoll sergeant.
You pierce the gnoll sergeant.
The gnoll sergeant is moderately wounded.
You constrict the gnoll sergeant.
The gnoll sergeant hits you with a +1 vorpal spear!
* * * LOW HITPOINT WARNING * * *
x2 You tentacle-slap the gnoll sergeant but do no damage.
You pierce the gnoll sergeant, but do no damage.
The gnoll sergeant is moderately wounded.
You constrict the gnoll sergeant, but do no damage.
The gnoll sergeant hits you with a +1 vorpal spear!
You die...

..........#.# #.#
...........>###.#
#<..#...........#####
....#.##.##.####....#
#...........# #.##.#
#.......########.##.#
..............).....#
..####.#.#######)####
..#....#.#######@#####
..#.##.#.........g...#
.#.#.#.#.#.#.#....##.#
<.#.#.#.#.#.#.#......
.#.#.#.#.# #.#........#
#.#.#.#.#.#.#.......#.#
#.#.#.#.#.# .♣........
#.#.#.#.#....P....#.#
#.#.#.#. .♣♣........


You could see a gnoll sergeant.

Vanquished Creatures
  A centaur (D:5)
  A bullfrog skeleton (D:5)
  3 orc priests (D:4)
  2 orc wizards (D:4)
  A hound skeleton (D:4)
  4 gnolls (D:5)
  4 adders
  An ufetubus (D:4)
  3 worms
  3 dart slugs (D:1)
  9 orcs
  8 ball pythons
  10 bats
  6 endoplasms
  3 giant cockroaches
  3 goblins
  7 hobgoblins
  6 jackals (D:1)
  5 kobolds
  2 quokkas
  2 frilled lizards (D:1)
  12 rats
96 creatures vanquished.

Notes
Turn   | Place    | Note
-------+----------+-------------------------------------------
     0 | D:1      | Gildeon the Octopode Transmuter began the quest for the
                  | Orb.
     0 | D:1      | Reached XP level 1. HP: 13/13 MP: 3/3
     0 | D:1      | Upgraded the game from 0.29-a0-22-gbf593b16ee to
                  | 0.29-a0-23-ga79f92ac9c
   395 | D:1      | Reached XP level 2. HP: 2/18 MP: 3/5
   736 | D:1      | Reached skill level 1 in Stealth
  1035 | D:1      | Found Urrenlau's Armour Shoppe.
  1042 | D:1      | Reached XP level 3. HP: 19/23 MP: 4/6
  1290 | D:1      | Learned a level 2 spell: Wereblood
  1294 | D:1      | Learned a level 3 spell: Spider Form
  2289 | D:2      | Reached XP level 4. HP: 27/28 MP: 7/7
  2578 | D:2      | Reached skill level 1 in Poison Magic
  2896 | D:2      | Found a faded altar of an unknown god.
  3474 | D:3      | Reached XP level 5. HP: 29/34 MP: 8/8
  3765 | D:4      | Noticed an orc warrior
  4261 | D:4      | Reached XP level 6. HP: 36/39 MP: 10/10
  4266 | D:4      | Learned a level 4 spell: Ice Form
  5324 | D:5      | Entered Level 5 of the Dungeon
  5434 | D:5      | Reached skill level 1 in Ice Magic
  5434 | D:5      | Reached XP level 7. HP: 37/45 MP: 11/11
  5439 | D:5      | Learned a level 2 spell: Poisonous Vapours
  5456 | D:5      | Slain by a gnoll sergeant

Illustrated notes

Levels and vault maps discovered:
D:1:      amcnicky_arrival_double_pillar, layout_basic, serial_shops,
          nicolae_shop_waterfront, grunt_decor_cap, minmay_close_crescents
D:2:      layout_rooms, hellmonk_ecumenical_altar_defaced_shrine
D:3:      layout_loops_ring
D:4:      layout_basic, hangedman_decor_opposing, minmay_liquid_box,
          guppyfry_early_orc_mine
D:5:      layout_basic, minmay_temple_entry_hall, serial_park_tiny_2,
          uniq_duvessa

Skill      XL: |  1  2  3  4  5  6 |
---------------+-------------------+-----
Stealth        | 1 2 3 |  3.3
Poison Magic   | 1 2 |  2.7
Fighting       | 2 |  2.5
Transmutations | 3 |  3.3
Dodging        | 3 |  3.1
Spellcasting   | 3 |  3.1
Ice Magic      | 1 |  1.1
Unarmed Combat | |  3.9

Action                   |  1- 3 |  4- 6 |  7- 9 || total
-------------------------+-------+-------+-------++-------
Melee: Unarmed           |    97 |   130 |     5 ||   232
       Kick              |    17 |    20 |     4 ||    41
       Constrict         |    22 |    35 |     2 ||    59
       Tentacles         |     7 |    29 |     1 ||    37
       Punch             |     1 |     2 |       ||     3
 Cast: Beastly Appendage |     7 |     6 |     1 ||    14
       Spider Form       |       |     2 |       ||     2
  Use: Scroll            |       |     5 |       ||     5
 Stab: Sleeping          |     9 |    12 |       ||    21
Armor: Skin              |     4 |     5 |       ||     9
Dodge: Dodged            |    60 |    73 |     5 ||   138

Table legend: (Time is in decaauts)
 A = Elapsed time spent in this place.
 B = Non-inter-level travel time spent in this place.
 C = Inter-level travel time spent in this place.
 D = Time resting spent in this place.
 E = Time spent auto-exploring this place.
 F = Levels seen in this place.
 G = Mean time per level.
                   A        B        C        D        E       F      G
               +--------+--------+--------+--------+--------+-----+--------+
         Total |   5440 |   5338 |    102 |      0 |   4544 |   5 | 1088.0 |
       Dungeon |   5440 |   5338 |    102 |      0 |   4544 |   5 | 1088.0 |
               +--------+--------+--------+--------+--------+-----+--------+

Top non-repeatable levels by time:
     D:1: 2138 daAuts
     D:4: 1579 daAuts
     D:3: 812 daAuts
     D:2: 779 daAuts
     D:5: 130 daAuts
